 Dungeon Crawl Stone Soup version 0.24-a0-381-g637bb3806f (webtiles) character file.

Game seed: 10632377235468142735

364 Ijustatesigmund the Cudgeler (level 6, 0/42 HPs)
             Began as an Octopode Fighter on June 3, 2019.
             Succumbed to Edmund's poison
             ... on level 3 of the Dungeon.
             The game lasted 00:05:04 (3597 turns).

Ijustatesigmund the Cudgeler (Octopode Fighter)     Turns: 3597, Time: 00:05:05

Health: 0/42       AC:  1    Str: 15    XL:     6   Next: 67%
Magic:  6/6        EV: 12    Int: 11    God:
Gold:   113        SH:  9    Dex: 13    Spells: 2/5 levels left

rFire    . . .     SeeInvis .   a - +0 flail
rCold    . . .     Gourm    .   b - +0 shield
rNeg     . . .     Faith    .   (helmet restricted)
rPois    .         Spirit   .   (no amulet)
rElec    .         Reflect  .   (no ring)
rCorr    .         Harm     .   (no ring)
MR       .....                  (no ring)
Stlth    ++........             (no ring)
HPRegen  0.14/turn              (no ring)
MPRegen  0.10/turn              (no ring)
                                (no ring)
                                (no ring)

@: lethally poisoned (0 -> -8), berserk cooldown, slowed, very slow
A: almost no armour, stealthy swim, amphibious, 8 rings, constrict 8, camouflage
1, gelatinous body 1
a: no special abilities


You were on level 3 of the Dungeon.
You were not hungry.

You visited 1 branch of the dungeon, and saw 4 of its levels.

You collected 113 gold pieces.

Inventory:

Hand Weapons
 a - a +0 flail (weapon)
Armour
 b - a +0 shield (worn)
Scrolls
 c - a scroll of magic mapping {unknown}
 e - 4 scrolls of remove curse
 f - 2 scrolls of identify
Comestibles
 d - 5 rations


   Skills:
 + Level 3.5 Fighting
 + Level 5.3 Maces & Flails
 + Level 3.5 Dodging
 + Level 3.5 Shields
 - Level 2.2 Translocations


You had 2 spell levels left.
You knew the following spells:

 Your Spells              Type           Power        Failure   Level  Hunger
a - Magic Dart            Conj           #...         83%         1    ##.....
b - Blink                 Tloc           N/A          67%         2    ###....

Your spell library contained the following spells:

 Spells                   Type           Power        Failure   Level  Hunger
 Apportation              Tloc           #.....       54%         1    ##.....
 Animate Skeleton         Necr           N/A          83%         1    ##.....
 Confusing Touch          Hex            #.....       83%         1    ##.....
 Summon Small Mammal      Summ           #...         83%         1    ##.....
 Call Imp                 Summ           #.......     93%         2    ###....
 Slow                     Hex            #.......     93%         2    ###....
 Conjure Flame            Conj/Fire      #.......     99%         3    ####...
 Mephitic Cloud           Conj/Pois/Air  #.......     99%         3    ####...


Dungeon Overview and Level Annotations

Branches:
Dungeon (4/15)
 Temple: D:4-7

Altars:
Elyvilon
Okawaru
Trog
Yredelemnul

Annotations:
D:4 Edmund


Innate Abilities, Weirdness & Mutations

You cannot wear most types of armour.
You are very stealthy in the water. (Stealth+)
You are amphibious.
You can wear up to eight rings at the same time.
You can use your tentacles to constrict eight enemies at once.
Your skin changes colour to match your surroundings (Stealth+).
Your rubbery body absorbs attacks. (AC +1, EV +1)


Message History

* * * LOW HITPOINT WARNING * * *
You feel sick.
It was a potion of berserk rage.
A red film seems to cover your vision as you go berserk!
You feel yourself moving faster!
You feel mighty!
* * * LOW HITPOINT WARNING * * *
You feel sick.
You feel a strong urge to attack something.
* * * LOW HITPOINT WARNING * * *
You feel sick.
You feel your anger nearly subside.
You are no longer berserk.
You are exhausted.
You feel yourself slow down.
* * * LOW HITPOINT WARNING * * *
You feel sick.
* * * LOW HITPOINT WARNING * * *
You feel sick.
* * * LOW HITPOINT WARNING * * *
You feel sick.
You die...

##........##
#..........#
#(.........# #####
#..........# # #...#
#..........# # #.#.#
#..........# # #.#.##
##.[......## #
#.#..#####........## #
#.##..........@....#
###......#>..........#
....###..............#
###......##..........#
.....###.##........).#
.##.## #.###.....)..##
###.# #.# ##......##
#)# #.## #####.## #.#
#..# #.#


There were no monsters in sight!

Vanquished Creatures
  An ogre (D:4)
  An orc wizard (D:3)
  Jessica (D:3)
  2 iguanas (D:4)
  A worker ant (D:4)
  4 adders
  A gnoll (D:4)
  An ooze (D:3)
  3 worms
  3 dart slugs (D:1)
  2 leopard geckos (D:3)
  7 orcs
  3 giant cockroaches
  9 hobgoblins
  6 jackals (D:2)
  A quokka (D:3)
  A ball python (D:2)
  10 bats
  4 frilled lizards
  9 goblins
  7 kobolds
  7 rats
84 creatures vanquished.

Notes
Turn   | Place    | Note
-------+----------+-------------------------------------------
     0 | D:1      | Ijustatesigmund the Octopode Fighter began the quest for
                  | the Orb.
     0 | D:1      | Reached XP level 1. HP: 16/16 MP: 1/1
   252 | D:1      | Reached XP level 2. HP: 20/21 MP: 2/2
   355 | D:1      | Reached skill level 3 in Maces & Flails
   673 | D:2      | Reached XP level 3. HP: 18/26 MP: 3/3
   925 | D:2      | Learned a level 1 spell: Magic Dart
  1064 | D:2      | Reached skill level 4 in Maces & Flails
  1169 | D:2      | Reached XP level 4. HP: 23/31 MP: 4/4
  1173 | D:2      | Learned a level 2 spell: Blink
  1916 | D:3      | Reached skill level 1 in Translocations
  1917 | D:3      | Reached XP level 5. HP: 13/36 MP: 5/5
  2622 | D:3      | Noticed Jessica
  2631 | D:3      | Killed Jessica
  2635 | D:3      | Reached skill level 5 in Maces & Flails
  3172 | D:4      | Noticed an ogre
  3180 | D:4      | Killed an ogre
  3180 | D:4      | Reached XP level 6. HP: 42/42 MP: 6/6
  3209 | D:4      | Found a white marble altar of Elyvilon.
  3263 | D:4      | Found a basalt altar of Yredelemnul.
  3317 | D:4      | Found an iron altar of Okawaru.
  3318 | D:4      | Found a bloodstained altar of Trog.
  3577 | D:4      | Noticed Edmund
  3596 | D:3      | HP: 1/42 [poisoned by Edmund]
  3597 | D:3      | Succumbed to Edmund's poison

Levels and vault maps discovered:
D:1:      tarquinn_simple_flora_water_d, layout_loops_ring
D:2:      layout_basic
D:3:      layout_rooms, uniq_jessica
D:4:      layout_loops_corners, kennysheep_ying_yang,
          grunt_temple_overflow_bloody_war, nicolae_overflow_crystal_walls,
          first_ration, uniq_robin, uniq_edmund

Skill      XL: |  1  2  3  4  5 |
---------------+----------------+-----
Maces & Flails | 3 4 5 |  5.3
Translocations | 1 2 |  2.2
Fighting       | |  3.5
Dodging        | |  3.5
Shields        | |  3.5

Action                   |  1- 3 |  4- 6 || total
-------------------------+-------+-------++-------
Melee: Flail             |    64 |   113 ||   177
       Constrict         |    16 |    28 ||    44
       Tentacles         |     5 |    17 ||    22
  Use: Scroll            |     5 |     2 ||     7
       Potion            |       |     5 ||     5
 Stab: Sleeping          |     3 |     7 ||    10
  Eat: Chunk             |     1 |     7 ||     8
Armor: Skin              |     5 |     7 ||    12
Dodge: Dodged            |    31 |    53 ||    84
Block: Shield            |    24 |    43 ||    67

Table legend:
 A = Non-vault XP
 B = Vault XP
 C = Vault XP percentage of total XP
 D = Non-vault monster count
 E = Vault monster count
 F = Vault count percentage of total count
                 A         B        C        D         E       F
            +---------+---------+-------+---------+---------+-------
      Total |     470 |      50 |   9.6 |      82 |       2 |   2.4
            +---------+---------+-------+---------+---------+-------
        D:1 |      29 |       0 |   0.0 |      14 |       0 |   0.0
        D:2 |      79 |       0 |   0.0 |      30 |       0 |   0.0
        D:3 |     135 |      37 |  21.5 |      33 |       1 |   2.9
        D:4 |     227 |      13 |   5.4 |       5 |       1 |  16.7
            +---------+---------+-------+---------+---------+-------
